[Event "Titled Tuesday Blitz December 7 2021"]
[White "Matveeva, Olga"]
[Black "Aradhya, Garg"]
[WhiteFideId "24107018"]
[BlackFideId "25006746"]
[WhiteElo "2083"]
[BlackElo "2176"]
[Result "0-1"]
[Round "02"]
[TimeControl "180+1"]
[Date "2021.12.07"]
[WhiteClock "0:00:11"]
[BlackClock "0:00:19"]

1. d4 d5 2. c4 c6 3. Nf3 Nf6 4. e3 Bf5 5. Nc3 e6 6. Nh4 h5 7. Nxf5 exf5 8. Bd2 Qd7 9. Bd3 Be7 10. Qc2 g6 11. cxd5 cxd5 12. f3 Nc6 13. a3 O-O 14. O-O Rac8 15. Rac1 Rfe8 16. Qa4 Bf8 17. b4 Bh6 18. Rfe1 Nxd4 19. Qxd7 Nxd7 20. Nxd5 Rxc1 21. Bxc1 Re5 22. Bb2 Rxd5 23. Bxd4 Bxe3+ 24. Bxe3 Rxd3 25. Bxa7 Rxa3 26. Bd4 Kf8 27. Rc1 Rd3 28. Ba7 Rd5 29. Kf2 Ke7 30. Rc7 Rb5 31. Rc4 Ne5 32. Bc5+ Rxc5 33. Rxc5 Nd3+ 34. Ke3 Nxc5 35. bxc5 Ke6 36. Kd4 f4 37. Ke4 g5 38. h3 f6 39. Kd4 Kd7 40. Kd5 Ke7 41. Kd4 Ke6 42. Ke4 h4 43. Kd4 f5 44. Kc4 Ke5 45. Kb5 Kd4 46. Kb6 Kc4 47. c6 bxc6 48. Kxc6 Kd4 49. Kd6 Ke3 50. Ke5 Kf2 51. Kxf5 Kxg2 52. Kxg5 Kg3 0-1


[Site "https://www.chess.com"]

[Event "Titled Tuesday Blitz December 7 2021"]
[White "Mezentsev, Ivan"]
[Black "Belyakov, Bogdan"]
[WhiteFideId "13706195"]
[BlackFideId "24104795"]
[WhiteElo "2295"]
[BlackElo "2407"]
[Result "1-0"]
[Round "02"]
[TimeControl "180+1"]
[Date "2021.12.07"]
[WhiteClock "0:00:13"]
[BlackClock "0:00:04"]

1. d4 Nf6 2. Nf3 g6 3. Bf4 Bg7 4. e3 c5 5. c3 cxd4 6. exd4 d5 7. Be2 Bg4 8. Nbd2 O-O 9. O-O Nc6 10. h3 Bxf3 11. Nxf3 Ne4 12. Bd3 Nd6 13. Re1 e6 14. h4 Na5 15. h5 Nac4 16. Rb1 b5 17. hxg6 hxg6 18. Ng5 Bf6 19. Qg4 Nf5 20. Nxe6 fxe6 21. Qxg6+ Ng7 22. Rxe6 Bxd4 23. Qh7+ Kf7 24. Qg6+ Kg8 25. Bg5 Bxf2+ 26. Kh1 Qd7 27. Re7 Qxe7 28. Bxe7 Ne5 29. Qh7+ Kf7 30. Bxf8 Rxf8 31. Bf5 Kf6 32. Bh3 Nf7 33. Rf1 Rh8 34. Rxf2+ 1-0


[Site "https://www.chess.com"]

[Event "Titled Tuesday Blitz December 7 2021"]
[White "Mikhailovsky, Vladimir"]
[Black "Di Nicolantonio, Lucas"]
[WhiteFideId "34105414"]
[BlackFideId "680460"]
[WhiteElo "2409"]
[BlackElo "2381"]
[Result "1-0"]
[Round "02"]
[TimeControl "180+1"]
[Date "2021.12.07"]
[WhiteClock "0:00:13"]
[BlackClock "0:00:14"]

1. c4 c6 2. e4 d5 3. cxd5 cxd5 4. exd5 Nf6 5. Qa4+ Nbd7 6. Nc3 g6 7. Nf3 Bg7 8. Bc4 O-O 9. d3 b6 10. O-O Bb7 11. Qa3 a6 12. Be3 b5 13. Bb3 Re8 14. Qb4 Nb6 15. Bxb6 Qxb6 16. a4 Nd7 17. axb5 Nc5 18. Bc4 a5 19. Qa3 a4 20. Rfe1 Bf8 21. Re3 e6 22. Qa2 Nb3 23. Rae1 Bc5 24. dxe6 f6 25. Nxa4 Bxe3 26. Nxb6 Rxa2 27. fxe3 Rxb2 28. Na4 Rxg2+ 29. Kxg2 Nd2 30. e4 Nxc4 31. dxc4 f5 32. exf5 gxf5 33. Kf2 Be4 34. Nc5 Rc8 35. Nxe4 Rxc4 36. e7 Kg7 37. e8=Q Rc2+ 38. Re2 1-0


[Site "https://www.chess.com"]

[Event "Titled Tuesday Blitz December 7 2021"]
[White "Moskalenko, Alexander"]
[Black "Hamley, Ryan"]
[WhiteFideId "4155351"]
[BlackFideId "30959497"]
[WhiteElo "2515"]
[BlackElo "2573"]
[Result "1-0"]
[Round "02"]
[TimeControl "180+1"]
[Date "2021.12.07"]
[WhiteClock "0:02:29"]
[BlackClock "0:01:41"]

1. e4 e5 2. Nf3 Nc6 3. Bb5 Nf6 4. d3 Bc5 5. Bxc6 dxc6 6. h3 Nd7 7. Qe2 O-O 8. Be3 Qe7 9. Nbd2 f6 10. g4 Rd8 11. Nh4 Nf8 12. Nf5 Bxf5 13. gxf5 Kh8 14. Rg1 Nd7 15. O-O-O a5 16. Rg4 Bxe3 17. fxe3 Nc5 18. Rdg1 Rg8 19. Rg6 Qf7 20. Qh5 1-0


[Site "https://www.chess.com"]

[Event "Titled Tuesday Blitz December 7 2021"]
[White "Nakamura, Hikaru"]
[Black "Stoyanov, Tsvetan"]
[WhiteFideId "2016192"]
[BlackFideId "2917173"]
[WhiteElo "2884"]
[BlackElo "2191"]
[Result "1-0"]
[Round "02"]
[TimeControl "180+1"]
[Date "2021.12.07"]
[WhiteClock "0:01:48"]
[BlackClock "0:00:24"]

1. Nf3 Nf6 2. b3 g6 3. Bb2 Bg7 4. d4 d5 5. e3 O-O 6. c4 c6 7. Bd3 Bf5 8. Bxf5 gxf5 9. Nbd2 Nbd7 10. h3 Qc7 11. g4 f4 12. Qe2 Ne4 13. O-O-O c5 14. Kb1 cxd4 15. Nxe4 dxe4 16. Nxd4 Nc5 17. Nb5 Qb8 18. Bxg7 Kxg7 19. Qb2+ f6 20. Rd5 Nd3 21. Qd4 Nxf2 22. Rf1 fxe3 23. Qxe3 Nd3 24. Rh5 Rf7 25. Qxe4 1-0


[Site "https://www.chess.com"]

[Event "Titled Tuesday Blitz December 7 2021"]
[White "Navalgund, Niranjan"]
[Black "Mirzoev, Azer"]
[WhiteFideId "5030854"]
[BlackFideId "13400304"]
[WhiteElo "2290"]
[BlackElo "2525"]
[Result "1/2-1/2"]
[Round "02"]
[TimeControl "180+1"]
[Date "2021.12.07"]
[WhiteClock "0:00:16"]
[BlackClock "0:00:10"]

1. d4 c6 2. c4 d5 3. cxd5 cxd5 4. Nc3 Nc6 5. Nf3 Nf6 6. Bf4 a6 7. e3 Bf5 8. Bd3 Bxd3 9. Qxd3 e6 10. O-O Be7 11. Ne5 Nxe5 12. Bxe5 O-O 13. Rac1 Nd7 14. Bg3 Qb6 15. Na4 Qb4 16. b3 Rfc8 17. Rc2 Qa3 18. h3 h6 19. e4 dxe4 20. Qxe4 Rxc2 21. Qxc2 Nf6 22. Nb6 Re8 23. Rd1 Qb4 24. Nc8 Bf8 25. Be5 Nd5 26. Rc1 Qa3 27. Bg3 Bb4 28. Kh2 Nc3 29. Nd6 Bxd6 30. Qxc3 Bxg3+ 31. fxg3 Qxa2 32. Qb4 b5 33. Rc7 Qf2 34. Qc3 Rd8 35. Rc8 Qf6 36. Qc7 Rxc8 37. Qxc8+ Kh7 38. Qxa6 Qf5 39. Qd6 h5 40. h4 Qd5 41. Qf4 Kg6 42. Qe3 Qf5 43. Kg1 Qd5 44. Kh2 Qf5 45. Kg1 Qb1+ 46. Kh2 Qf5 1/2-1/2


[Site "https://www.chess.com"]

[Event "Titled Tuesday Blitz December 7 2021"]
[White "Nazaretyan, Tigran"]
[Black "Sviridov, Valery"]
[WhiteFideId "24162345"]
[BlackFideId "4120680"]
[WhiteElo "2192"]
[BlackElo "2454"]
[Result "0-1"]
[Round "02"]
[TimeControl "180+1"]
[Date "2021.12.07"]
[WhiteClock "0:00:32"]
[BlackClock "0:01:35"]

1. d4 g6 2. e4 Bg7 3. c4 d6 4. Nc3 e5 5. Be3 exd4 6. Bxd4 Nf6 7. Be2 O-O 8. Nf3 Nc6 9. Be3 Re8 10. Nd2 a5 11. O-O Nd7 12. Rc1 Nc5 13. f3 f5 14. Nb3 Nxb3 15. axb3 fxe4 16. fxe4 Ne5 17. Nd5 c6 18. Bb6 Qg5 19. Nc7 Bh3 20. Bf3 Rf8 21. Rc2 Nxf3+ 22. Rxf3 Bg4 23. Rxf8+ Rxf8 24. Qd2 Qh4 25. h3 Bxh3 26. gxh3 Qg3+ 27. Qg2 Qe1+ 28. Kh2 Be5+ 0-1


[Site "https://www.chess.com"]

[Event "Titled Tuesday Blitz December 7 2021"]
[White "Nenezic, Marko"]
[Black "Vantika, Agrawal"]
[WhiteFideId "912123"]
[BlackFideId "25050389"]
[WhiteElo "2484"]
[BlackElo "1917"]
[Result "1-0"]
[Round "02"]
[TimeControl "180+1"]
[Date "2021.12.07"]
[WhiteClock "0:00:43"]
[BlackClock "0:00:02"]

1. Nf3 Nf6 2. c4 g6 3. Nc3 Bg7 4. e4 d6 5. d4 O-O 6. Be2 Nbd7 7. Be3 e5 8. d5 Ng4 9. Bg5 f6 10. Bd2 f5 11. Ng5 Nc5 12. b4 fxe4 13. Ngxe4 Nxe4 14. Nxe4 Nf6 15. Bg5 Qe8 16. Bxf6 Bxf6 17. O-O Bf5 18. Bd3 a5 19. a3 Be7 20. Qb3 b6 21. c5 axb4 22. axb4 bxc5 23. bxc5 Qb8 24. Qc4 Rxa1 25. Rxa1 Qb2 26. Rb1 Qa3 27. h3 Bxe4 28. Qxe4 Qxc5 29. Qe2 Bh4 30. Rf1 Kg7 31. Be4 Qd4 32. Bf3 Rf4 33. Rc1 Bd8 34. g3 Rf7 35. h4 h5 36. Kg2 Qb4 37. Rc4 Qb6 38. Be4 Rf6 39. Bd3 Qb7 40. Qe4 Qb6 41. Rc2 Qa7 42. Qe2 Qd4 43. Be4 Qb6 44. f3 Qa7 45. Rc4 Qb6 46. Bd3 Rf7 47. g4 hxg4 48. Rxg4 Rf6 49. Qe4 Qb2+ 50. Bc2 Kf8 51. Rxg6 Rxg6+ 52. Qxg6 Qd4 53. Qh6+ Ke7 54. Qg7+ Ke8 55. Bg6# 1-0


[Site "https://www.chess.com"]

[Event "Titled Tuesday Blitz December 7 2021"]
[White "Nevednichy, Vladislav"]
[Black "Makhmudov, Shukhrat"]
[WhiteFideId "1205730"]
[BlackFideId "14200775"]
[WhiteElo "2379"]
[BlackElo "2135"]
[Result "1-0"]
[Round "02"]
[TimeControl "180+1"]
[Date "2021.12.07"]
[WhiteClock "0:00:59"]
[BlackClock "0:00:13"]

1. d4 Nf6 2. Nf3 d5 3. Bf4 c5 4. e3 Nc6 5. Nbd2 h6 6. dxc5 Qa5 7. c4 e6 8. a3 dxc4 9. Bxc4 Qxc5 10. b4 Qh5 11. O-O Be7 12. Nb3 e5 13. Nxe5 Qxd1 14. Rfxd1 Nxe5 15. Bxe5 O-O 16. f3 b6 17. Rac1 Bb7 18. e4 Rfd8 19. Kf2 Kf8 20. Bb5 a6 21. Be2 a5 22. bxa5 Rxd1 23. Rxd1 bxa5 24. a4 Bc6 25. Ra1 Nd7 26. Bc3 Bb4 27. Bxb4+ axb4 28. a5 Ne5 29. a6 Nd7 30. Nd4 Bb7 31. Bb5 Nb8 32. a7 Ke7 33. axb8=Q Rxb8 34. Ra7 Kd6 35. Nb3 g5 36. Ke3 Kc7 37. Bc4 f6 38. Ra5 Kb6 39. Rb5+ Kc6 40. Nd4+ Kc7 41. Bd5 Bxd5 42. Rxb8 Kxb8 43. exd5 Kc7 44. Ke4 Kd6 45. g4 Kc5 46. Nb3+ Kc4 47. Na1 Kc5 48. Nb3+ Kd6 49. Kd4 f5 50. gxf5 1-0


[Site "https://www.chess.com"]

[Event "Titled Tuesday Blitz December 7 2021"]
[White "Noboa Silva, Kevin"]
[Black "Saraci, Nderim"]
[WhiteFideId "3618471"]
[BlackFideId "6351921"]
[WhiteElo "2161"]
[BlackElo "2479"]
[Result "1/2-1/2"]
[Round "02"]
[TimeControl "180+1"]
[Date "2021.12.07"]
[WhiteClock "0:00:10"]
[BlackClock "0:00:09"]

1. d4 d5 2. c4 c6 3. cxd5 cxd5 4. Bf4 a6 5. e3 Nc6 6. Nc3 Nf6 7. Bd3 Bg4 8. Nge2 e6 9. O-O Bd6 10. f3 Bh5 11. Rc1 O-O 12. Na4 Bg6 13. Nc5 Bxc5 14. Rxc5 Qb6 15. Bxg6 hxg6 16. Qd2 Nd7 17. Rc3 Rfd8 18. Rfc1 e5 19. dxe5 Ndxe5 20. Nd4 Nc4 21. Qf2 Nxd4 22. exd4 Qxb2 23. Qxb2 Nxb2 24. Rb3 Nc4 25. Rxb7 Re8 26. Kf2 f6 27. h4 Rad8 28. g4 Kf8 29. Re1 Rxe1 30. Kxe1 Re8+ 31. Kf2 Re7 32. Rb8+ Kf7 33. Rd8 Ke6 34. Ra8 a5 35. Ra6+ Kf7 36. Ra8 Rb7 37. Rd8 Ke6 38. Re8+ Kd7 39. Rg8 Kc6 40. Rc8+ Kd7 41. Rg8 Ke6 42. Kg3 a4 43. Ra8 Nb6 44. Ra6 Kd7 45. h5 gxh5 46. gxh5 Kc6 47. Ra5 Kd7 48. Kg4 Ke6 49. Ra6 Kf7 50. Bc7 Rxc7 51. Rxb6 Rc4 52. Kf5 Rxd4 53. Rb7+ Kf8 54. Kg6 Rf4 55. Rb8+ Ke7 56. Kxg7 Rxf3 57. Rb7+ Ke6 58. h6 Rg3+ 59. Kf8 Rh3 60. h7 d4 61. Kg8 d3 62. h8=Q Rxh8+ 63. Kxh8 f5 64. Kg7 f4 65. Kg6 f3 66. Kg5 f2 67. Rb1 Ke5 68. Rf1 d2 69. Kg4 Ke4 70. Kg3 Ke3 71. a3 Ke2 72. Rxf2+ Kd3 73. Rf1 Kc2 74. Kf4 d1=Q 75. Rxd1 Kxd1 76. Ke3 Kc2 77. Kd4 Kb3 78. Kd3 Kxa3 79. Kc2 Ka2 80. Kc1 Kb3 81. Kb1 a3 82. Ka1 a2 1/2-1/2


[Site "https://www.chess.com"]

[Event "Titled Tuesday Blitz December 7 2021"]
[White "Obolenskikh, Dmitry"]
[Black "Skatchkov, Valery"]
[WhiteFideId "4156013"]
[BlackFideId "24195812"]
[WhiteElo "2512"]
[BlackElo "2195"]
[Result "1-0"]
[Round "02"]
[TimeControl "180+1"]
[Date "2021.12.07"]
[WhiteClock "0:00:56"]
[BlackClock "0:00:01"]

1. Nf3 d5 2. e3 Nf6 3. c4 c6 4. Nc3 g6 5. d4 Bg7 6. Be2 O-O 7. O-O a6 8. a4 a5 9. cxd5 cxd5 10. Qb3 Nc6 11. Bd2 Bf5 12. Qxb7 Nb4 13. Nb5 Rb8 14. Qc7 Qxc7 15. Nxc7 Rfc8 16. Na6 Nxa6 17. Bxa6 Rc2 18. Bb5 Rxb2 19. Bxa5 h6 20. Rfc1 Ne4 21. Be1 R2xb5 22. axb5 Rxb5 23. Ra5 Rxa5 24. Bxa5 Bf6 25. Nd2 Nd6 26. Bb4 Nc8 27. Bc5 Kf8 28. f3 Ke8 29. Kf2 Kd7 30. Ra1 Ke8 31. e4 Bd7 32. g3 dxe4 33. Nxe4 Bg7 34. Ke3 Bc6 35. Ra6 Kd7 36. Ra3 Bb7 37. Rb3 Bd5 38. Rb4 e5 39. Nc3 exd4+ 40. Bxd4 1-0


[Site "https://www.chess.com"]

[Event "Titled Tuesday Blitz December 7 2021"]
[White "Obolentseva, Alexandra"]
[Black "Vakhlamov, Igor L."]
[WhiteFideId "24153648"]
[BlackFideId "24126748"]
[WhiteElo "2113"]
[BlackElo "2416"]
[Result "0-1"]
[Round "02"]
[TimeControl "180+1"]
[Date "2021.12.07"]
[WhiteClock "0:00:27"]
[BlackClock "0:00:41"]

1. d4 d5 2. c4 c6 3. Nf3 Nf6 4. Nc3 a6 5. b3 g6 6. Bb2 Bg7 7. e3 Bf5 8. Be2 O-O 9. O-O Ne4 10. Nxe4 Bxe4 11. Nd2 Bf5 12. Bf3 a5 13. Qe2 Na6 14. a3 Re8 15. Bc3 Nc7 16. Rfd1 h5 17. e4 dxe4 18. Nxe4 Bxe4 19. Bxe4 e6 20. Qd2 a4 21. Rab1 Qh4 22. Qe3 Nd5 23. Bxd5 exd5 24. Qg3 Qxg3 25. hxg3 axb3 26. cxd5 Rxa3 27. dxc6 bxc6 28. Bb4 Ra4 29. Rxb3 Rb8 30. Rdb1 Bxd4 31. Kf1 Ra2 32. Be1 Rxb3 33. Rxb3 c5 34. Rb1 Kg7 35. Rc1 Kf6 36. Rb1 Kf5 37. Rb7 f6 38. f3 Ra1 39. Ke2 Ra2+ 40. Kf1 Ke6 41. Rb6+ Kd5 42. Rb8 c4 43. Rd8+ Kc5 44. Rc8+ Kb5 45. Rb8+ Bb6 46. Bc3 Kc6 47. Rc8+ Kb7 48. Rxc4 Rf2+ 49. Ke1 Rxg2 50. Bxf6 Rxg3 51. f4 Rg4 52. Bg5 h4 53. Rc2 h3 54. Rh2 Rg1+ 55. Ke2 Rg2+ 56. Rxg2 hxg2 0-1


[Site "https://www.chess.com"]

[Event "Titled Tuesday Blitz December 7 2021"]
[White "Pakleza, Zbigniew"]
[Black "Lomaia, Diana"]
[WhiteFideId "1119290"]
[BlackFideId "13612476"]
[WhiteElo "2526"]
[BlackElo "1744"]
[Result "1-0"]
[Round "02"]
[TimeControl "180+1"]
[Date "2021.12.07"]
[WhiteClock "0:00:17"]
[BlackClock "0:01:19"]

1. d4 Nf6 2. Nf3 g6 3. Bf4 Bg7 4. e3 d6 5. h3 O-O 6. Be2 b6 7. O-O Bb7 8. c3 c5 9. Nbd2 Nbd7 10. a4 a6 11. Bg3 Ra7 12. Ne1 Qa8 13. Bf3 Ne4 14. Nxe4 Bxe4 15. Nd3 Bxf3 16. Qxf3 Qxf3 17. gxf3 Rb8 18. Rfc1 Rab7 19. a5 c4 20. Nb4 bxa5 21. Rxa5 Rb6 22. Nd5 Rxb2 23. Nxe7+ Kh8 24. Rxa6 Bf8 25. Nd5 Rb1 26. Rxb1 Rxb1+ 27. Kg2 Rb5 28. e4 f5 29. Bxd6 fxe4 30. fxe4 Bxd6 31. Rxd6 Nf8 32. Rc6 Kg7 33. Rxc4 Rb2 34. Rc7+ Kh6 35. h4 Kh5 36. Rf7 Ne6 37. Rxh7+ Kg4 38. Re7 Nf8 39. Ne3+ Kxh4 40. d5 Kg5 41. d6 Kf6 42. e5+ Kg5 43. c4 Rd2 44. c5 Kf4 45. Rf7+ Kxe5 46. Rxf8 Ke6 47. Re8+ Kd7 48. Re7+ Kc6 49. Rc7+ Kb5 50. d7 g5 51. c6 Kb6 52. Rc8 g4 1-0


[Site "https://www.chess.com"]

[Event "Titled Tuesday Blitz December 7 2021"]
[White "Papasimakopoulos, Alexandros"]
[Black "Gallegos Diaz, Carlos Alberto"]
[WhiteFideId "4244125"]
[BlackFideId "3900886"]
[WhiteElo "2394"]
[BlackElo "2362"]
[Result "1-0"]
[Round "02"]
[TimeControl "180+1"]
[Date "2021.12.07"]
[WhiteClock "0:00:46"]
[BlackClock "0:00:14"]

1. d4 Nf6 2. c4 e5 3. dxe5 Ng4 4. e3 Nxe5 5. Nh3 Bb4+ 6. Bd2 Nbc6 7. Nf4 O-O 8. Be2 Re8 9. O-O a5 10. Nc3 d6 11. a3 Bxc3 12. Bxc3 Bf5 13. b4 axb4 14. axb4 Qd7 15. b5 Rxa1 16. Qxa1 Nb8 17. Rd1 f6 18. c5 Qe7 19. cxd6 cxd6 20. Bb4 Rd8 21. Qa2+ Kh8 22. Nd5 Qf7 23. Qa5 Rc8 24. Bxd6 Nbd7 25. Nc7 Qb3 26. Qd2 Nc4 27. Bxc4 Qxc4 28. Bg3 h5 29. h4 Rxc7 30. Bxc7 Qxc7 31. Qd5 Ne5 32. f4 Qc3 33. fxe5 Qxe3+ 34. Kh1 fxe5 35. Qf3 Qxf3 36. gxf3 e4 37. Rd8+ Kh7 38. Kg2 exf3+ 39. Kxf3 Bg4+ 40. Kf4 Be2 41. b6 Bf1 42. Rd7 Bg2 43. Kg5 Bf3 44. Rf7 Bd5 45. Rf5 Bc6 46. Rc5 Bf3 47. Rc3 Be4 48. Kxh5 Bd5 49. Kg5 Bf3 50. h5 Be4 51. Rc7 Bd5 52. h6 1-0


[Site "https://www.chess.com"]

[Event "Titled Tuesday Blitz December 7 2021"]
[White "Paravyan, David"]
[Black "Kalogeris, Ioannis"]
[WhiteFideId "4194985"]
[BlackFideId "4239563"]
[WhiteElo "2656"]
[BlackElo "2287"]
[Result "1-0"]
[Round "02"]
[TimeControl "180+1"]
[Date "2021.12.07"]
[WhiteClock "0:00:05"]
[BlackClock "0:00:01"]

1. e4 e5 2. Nf3 Nc6 3. Nc3 Nf6 4. d4 exd4 5. Nxd4 Bb4 6. Nxc6 bxc6 7. Bg5 h6 8. Bd2 O-O 9. Bd3 d5 10. O-O Bg4 11. f3 Bxc3 12. Bxc3 dxe4 13. fxg4 exd3 14. Bxf6 gxf6 15. Qxd3 Qxd3 16. cxd3 Kg7 17. Rac1 Rab8 18. b3 Rb6 19. Rc5 Rd8 20. Rcf5 Rd6 21. h3 Rb5 22. R5f4 c5 23. Rf5 a5 24. R1f4 Rb4 25. Rf3 a4 26. bxa4 Rxa4 27. Rf2 c4 28. d4 c3 29. Rc5 Raxd4 30. Rxc3 Rd1+ 31. Kh2 R6d2 32. Rxd2 Rxd2 33. a4 Ra2 34. Rc4 Ra3 35. h4 c5 36. g3 Kf8 37. Kh3 Kg7 38. Kg2 Kf8 39. Kf2 Ke7 40. Rxc5 Rxa4 41. Rh5 Rxg4 42. Rxh6 Ra4 43. Kf3 Ra3+ 44. Kf4 Ra4+ 45. Kf5 Ra5+ 46. Kg4 Ra4+ 47. Kh3 Ra3 48. Kg2 Ke6 49. Rh8 Kf5 50. Rg8 Ra2+ 51. Kh3 Ra1 52. Rg7 Ke6 53. Kg4 f5+ 54. Kg5 Ra3 55. Kh6 Kf6 56. h5 Ra1 57. Kh7 Rh1 58. h6 Rh3 59. Rg8 f4 60. gxf4 Kf5 61. Kg7 Rg3+ 62. Kxf7 Rh3 63. Kg7 Rg3+ 64. Kf7 Rh3 65. Rg5+ Kxf4 66. Kg6 Rc3 67. h7 Rc6+ 68. Kh5 Rc8 69. Rg8 Rc1 70. h8=Q Rc5+ 71. Kg6 1-0


[Site "https://www.chess.com"]

[Event "Titled Tuesday Blitz December 7 2021"]
[White "Perez Gormaz, Matias"]
[Black "Zherebtsova, Alexandra"]
[WhiteFideId "3406342"]
[BlackFideId "24129518"]
[WhiteElo "2352"]
[BlackElo "2025"]
[Result "1-0"]
[Round "02"]
[TimeControl "180+1"]
[Date "2021.12.07"]
[WhiteClock "0:01:31"]
[BlackClock "0:01:34"]

1. e4 e5 2. Nf3 Nc6 3. Bb5 a6 4. Ba4 Nf6 5. d3 d6 6. c3 g6 7. O-O Bg7 8. Re1 O-O 9. h3 b5 10. Bc2 Bb7 11. a4 Re8 12. Be3 b4 13. a5 bxc3 14. bxc3 Ne7 15. Nbd2 Nd7 16. Ba4 f5 17. Qb3+ Kh8 18. Ng5 Rf8 19. Qxb7 f4 20. Ne6 Qb8 21. Qxb8 Nxb8 22. Nxf8 fxe3 23. Nxg6+ hxg6 24. fxe3 Nbc6 25. Nc4 Bh6 26. Rf1 Kg7 27. Rab1 1-0


[Site "https://www.chess.com"]

[Event "Titled Tuesday Blitz December 7 2021"]
[White "Pham, Le Thao Nguyen"]
[Black "Krivonosov, Oleg"]
[WhiteFideId "12401226"]
[BlackFideId "11600349"]
[WhiteElo "2286"]
[BlackElo "2469"]
[Result "0-1"]
[Round "02"]
[TimeControl "180+1"]
[Date "2021.12.07"]
[WhiteClock "0:00:04"]
[BlackClock "0:00:38"]

1. d4 d5 2. Nf3 Nf6 3. Bf4 e6 4. e3 c5 5. c3 Nc6 6. Nbd2 Bd6 7. Bg3 O-O 8. Bd3 Qe7 9. Ne5 Nd7 10. Nxd7 Qxd7 11. Bxd6 Qxd6 12. f4 cxd4 13. cxd4 Bd7 14. O-O Nb4 15. Nf3 Nxd3 16. Qxd3 f6 17. Rfc1 Rfc8 18. a3 Qb6 19. Qd2 a5 20. Ne1 Bb5 21. Rxc8+ Rxc8 22. Rc1 Rc7 23. Rc3 Rc6 24. Qc2 Qc7 25. Rxc6 Qxc6 26. Qxc6 Bxc6 27. Kf2 b6 28. Ke2 Bb5+ 29. Kd2 Kf7 30. Kc3 Kg6 31. Nf3 Kf5 32. Kd2 Ke4 33. Ne1 Bf1 34. b4 axb4 35. axb4 h5 36. g3 g5 37. fxg5 fxg5 38. h4 g4 39. b5 Bxb5 40. Ng2 Kf3 41. Nf4 Kxg3 42. Nxh5+ Kxh4 43. Nf4 g3 44. Ke1 Kg4 45. Nxe6 Kf3 46. Nf4 Bc4 0-1


[Site "https://www.chess.com"]

[Event "Titled Tuesday Blitz December 7 2021"]
[White "Pour Agha Bala, Amirreza"]
[Black "Hasangatin, Ramil"]
[WhiteFideId "12572896"]
[BlackFideId "4122160"]
[WhiteElo "2313"]
[BlackElo "2375"]
[Result "1-0"]
[Round "02"]
[TimeControl "180+1"]
[Date "2021.12.07"]
[WhiteClock "0:00:55"]
[BlackClock "0:00:05"]

1. d4 Nf6 2. c4 d6 3. Nf3 g6 4. Nc3 Bf5 5. g3 Bg7 6. Bg2 Ne4 7. Nd2 Nxc3 8. bxc3 c6 9. e4 Be6 10. O-O O-O 11. f4 c5 12. f5 Bc8 13. Nb3 Nc6 14. Be3 b6 15. g4 Ba6 16. Qe2 Rc8 17. h4 cxd4 18. cxd4 Nxd4 19. Nxd4 Bxc4 20. Qf3 Bxf1 21. Rxf1 Rc3 22. Ne2 Ra3 23. g5 Rxa2 24. f6 exf6 25. Nc3 Ra3 26. Nd5 fxg5 27. hxg5 b5 28. Nf6+ Kh8 29. Rd1 Qe7 30. Qf4 b4 31. Bd4 b3 32. e5 dxe5 33. Bxe5 Ra5 34. Bd5 Rd8 35. Bc3 Raxd5 36. Nxd5 Qc5+ 37. Kh2 Bxc3 38. Nxc3 Rxd1 39. Nxd1 Qc2+ 40. Nf2 Qf5 41. Qd4+ Kg8 42. Ng4 Kf8 43. Qd8+ Kg7 44. Qd4+ Kf8 45. Nf6 Qc8 46. Nd7+ Ke7 47. Nf6 Qc2+ 48. Kg3 Qc7+ 49. Kf3 Qd6 50. Qe4+ Kd8 51. Qa8+ Kc7 52. Ne8+ Kd7 53. Nxd6 1-0


[Site "https://www.chess.com"]

[Event "Titled Tuesday Blitz December 7 2021"]
[White "Pranav, V"]
[Black "Bykov, Egor"]
[WhiteFideId "25060783"]
[BlackFideId "34115290"]
[WhiteElo "2351"]
[BlackElo "2221"]
[Result "1-0"]
[Round "02"]
[TimeControl "180+1"]
[Date "2021.12.07"]
[WhiteClock "0:00:56"]
[BlackClock "0:00:02"]

1. e4 Nf6 2. e5 Nd5 3. d4 d6 4. c4 Nb6 5. f4 dxe5 6. fxe5 Bf5 7. Nc3 e6 8. Be3 Nc6 9. Nf3 Be7 10. Be2 O-O 11. O-O f6 12. exf6 Bxf6 13. Qd2 Qe7 14. Rad1 Rad8 15. b3 Nb4 16. Qc1 a5 17. Bf2 a4 18. a3 Nc2 19. b4 g5 20. Ne5 Nxd4 21. Bxd4 Rxd4 22. Rxd4 Bxe5 23. Rdd1 Qg7 24. Nb5 Qh6 25. g3 Be4 26. Qe3 Rxf1+ 27. Rxf1 Qg6 28. Bf3 Bxf3 29. Qxf3 Nd7 30. Qxb7 Qd3 31. Qf3 Qxf3 32. Rxf3 Nb6 33. Re3 Nxc4 34. Re4 1-0


[Site "https://www.chess.com"]

[Event "Titled Tuesday Blitz December 7 2021"]
[White "Pulpan, Jakub"]
[Black "Vovk, Orest"]
[WhiteFideId "302759"]
[BlackFideId "14113490"]
[WhiteElo "2471"]
[BlackElo "2203"]
[Result "1/2-1/2"]
[Round "02"]
[TimeControl "180+1"]
[Date "2021.12.07"]
[WhiteClock "0:00:22"]
[BlackClock "0:00:12"]

1. e4 Nc6 2. Bb5 Nd4 3. a4 Nxb5 4. axb5 e5 5. Nf3 d6 6. d4 exd4 7. Qxd4 a5 8. b6 c6 9. b4 a4 10. Nc3 Qf6 11. Rxa4 Rxa4 12. Nxa4 Qxd4 13. Nxd4 Nf6 14. O-O Be7 15. Nf5 Bxf5 16. exf5 Nd5 17. Bd2 Bd8 18. c4 Nxb6 19. Nxb6 Bxb6 20. Bf4 Kd7 21. Rd1 Bc7 22. Bxd6 Bxd6 23. c5 Re8 24. Rxd6+ Kc7 25. f3 Re5 26. f6 g6 27. g4 b6 28. Kf2 bxc5 29. bxc5 Rxc5 30. Re6 Rd5 31. Re8 h6 32. Rf8 Rd7 33. h4 Kd6 34. g5 hxg5 35. hxg5 Ke6 36. Re8+ Kf5 37. Re7 Rd6 38. Rxf7 Kxg5 39. Kg3 Rxf6 40. f4+ Kf5 41. Re7 Rd6 42. Re5+ Kf6 43. Re8 Rd3+ 44. Kg4 Rc3 45. Rf8+ Kg7 46. Re8 Rc1 47. Re6 c5 48. Rc6 c4 49. Kg5 Rg1+ 50. Kh4 Rc1 51. Kg5 c3 52. Rxg6+ Kf7 53. Rc6 c2 54. Kf5 Ke7 55. Rc3 Kd6 56. Rd3+ Kc5 57. Rd8 Kc4 58. Rc8+ Kd3 59. Rd8+ Ke3 60. Re8+ Kd2 61. Rd8+ Ke2 62. Rc8 Kd2 63. Rd8+ Ke2 64. Re8+ Kd2 65. Rd8+ 1/2-1/2


[Site "https://www.chess.com"]

[Event "Titled Tuesday Blitz December 7 2021"]
[White "Punin, Andrii"]
[Black "Samarth, J Rao"]
[WhiteFideId "14112639"]
[BlackFideId "46652370"]
[WhiteElo "2357"]
[BlackElo "1514"]
[Result "1-0"]
[Round "02"]
[TimeControl "180+1"]
[Date "2021.12.07"]
[WhiteClock "0:00:45"]
[BlackClock "0:00:02"]

1. d4 d5 2. Bf4 Nf6 3. e3 c5 4. c3 e6 5. Nd2 Nc6 6. Ngf3 Be7 7. Bd3 Nh5 8. Bg3 Nxg3 9. hxg3 h6 10. Qe2 c4 11. Bc2 f5 12. Ne5 Nxe5 13. dxe5 g6 14. f4 Kf7 15. Nf3 h5 16. Nd4 Bd7 17. Kf2 b5 18. a3 a5 19. Qd2 Qb6 20. Rhb1 h4 21. Nf3 hxg3+ 22. Kxg3 Rh5 23. Rh1 Rah8 24. Rxh5 gxh5 25. Rh1 Qb8 26. Kf2 h4 27. Rh3 b4 28. axb4 axb4 29. Nd4 bxc3 30. bxc3 Qb2 31. Ke2 Rg8 32. Rh2 Ra8 33. Nxf5 exf5 34. Qxd5+ Be6 35. Qxa8 Qxc2+ 36. Kf1 Qd1+ 37. Kf2 Qd2+ 38. Kf1 Qxe3 39. Qf3 Qc1+ 40. Ke2 Qc2+ 41. Ke1 Qe4+ 42. Kf2 Bc5+ 43. Kf1 Qb1+ 44. Ke2 Qc2+ 45. Ke1 Qe4+ 46. Qxe4 fxe4 47. Rxh4 Ba3 48. Kd2 Bf5 49. Rh6 Kg7 50. Rf6 Bc5 51. Rxf5 1-0


[Site "https://www.chess.com"]

[Event "Titled Tuesday Blitz December 7 2021"]
[White "Rakhmanov, Aleksandr"]
[Black "Juhasz, Agoston"]
[WhiteFideId "4173708"]
[BlackFideId "778346"]
[WhiteElo "2500"]
[BlackElo "2211"]
[Result "1-0"]
[Round "02"]
[TimeControl "180+1"]
[Date "2021.12.07"]
[WhiteClock "0:00:42"]
[BlackClock "0:00:05"]

1. Nf3 Nf6 2. g3 g6 3. Bg2 b6 4. O-O Bb7 5. d4 Bg7 6. c4 O-O 7. Nc3 Ne4 8. Bd2 d6 9. Qc2 Nxd2 10. Qxd2 Nd7 11. Rfe1 e5 12. e4 Re8 13. Rad1 exd4 14. Nxd4 Nc5 15. Nd5 Ne6 16. Ne2 c5 17. Ndc3 Nd4 18. b3 Qf6 19. Nxd4 Qxd4 20. Qxd4 Bxd4 21. Nb5 Be5 22. f4 a6 23. Nxd6 Bxd6 24. Rxd6 Re6 25. Rxe6 fxe6 26. Rd1 e5 27. Rd7 Rb8 28. fxe5 Bc6 29. Rc7 Bb7 30. e6 h5 31. Kf2 Kf8 32. Ke3 1-0


[Site "https://www.chess.com"]